 Dungeon Crawl Stone Soup version 0.28-a0-973-ga7f8b01127 (webtiles) character file.

Game seed: 3856902262694478388

493 bearlyready the Chiller (level 6, 0/32 HPs)
             Began as a Deep Elf Ice Elementalist on Dec 1, 2021.
             Was an Initiate of Sif Muna.
             Slain by an ogre (10 damage)
             ... on level 5 of the Dungeon.
             The game lasted 00:10:11 (4498 turns).

bearlyready the Chiller (Deep Elf Ice Elementalist) Turns: 4498, Time: 00:10:12

Health: 0/32       AC:  4    Str:  5    XL:     6   Next: 92%
Magic:  16/23      EV: 12    Int: 22    God:    Sif Muna [......]
Gold:   260        SH:  0    Dex: 15    Spells: 4/13 levels left

rFire   . . .      SeeInvis .   c - +3 dagger (protect)
rCold   . . .      Faith    .   (no shield)
rNeg    . . .      Spirit   .   a - +0 robe
rPois   .          Reflect  .   t - +0 helmet
rElec   .          Harm     .   (no cloak)
rCorr   .          Rampage  .   f - +0 pair of gloves
Will    +....                   (no boots)
Stlth   ++........              (no amulet)
HPRegen 0.10/turn               h - ring of magical power
MPRegen 0.18/turn               s - ring of willpower

@: no status effects
A: no striking features
a: Renounce Religion


You were on level 5 of the Dungeon.
You worshipped Sif Muna.
Sif Muna was noncommittal.
You visited 1 branch of the dungeon, and saw 5 of its levels.

You collected 260 gold pieces.

Inventory:

Hand Weapons
 c - a +3 dagger of protection (weapon)
 m - a +0 dagger of venom
 n - a +0 hunting sling
Missiles
 g - 149 stones
 o - 2 poisoned darts
 A - an atropa-tipped dart
Armour
 a - a +0 robe (worn)
 f - a +0 pair of gloves (worn)
 t - a +0 helmet (worn)
Jewellery
 h - a ring of magical power (left hand)
 j - a ring of fire
 s - a ring of willpower (right hand)
 y - a ring of fire
Wands
 p - a wand of flame (9)
 r - a wand of paralysis (14)
Scrolls
 b - 5 scrolls of teleportation
 d - 4 scrolls of magic mapping
 e - a scroll of noise
 w - a scroll of vulnerability {unknown}
 x - a scroll of identify
Potions
 i - a potion of heal wounds {unknown}
 k - a potion of curing {unknown}
 l - a potion of berserk rage {unknown}
 q - 3 potions of attraction {unknown}
 u - a potion of cancellation {unknown}
 v - a potion of ambrosia {unknown}
 z - a potion of brilliance {unknown}
 B - 2 potions of magic {unknown}


   Skills:
 - Level 2.3 Short Blades
 - Level 2.4 Dodging
 - Level 2.4 Stealth
 - Level 4.3 Spellcasting
 + Level 1.1 Conjurations
 - Level 2.4 Summonings
 + Level 7.4 Ice Magic
 + Level 1.1 Evocations


You had 4 spell levels left.
You knew the following spells:

 Your Spells              Type           Power      Damage    Failure   Level
a - Freeze                Ice            100%       1d11      1%          1
b - Frozen Ramparts       Ice            74%        1d9       1%          3
c - Summon Small Mammal   Summ           60%        N/A       4%          1
d - Hailstorm             Conj/Ice       23%        3d7       19%         4

Your spell library contained the following spells:

 Spells                   Type           Power      Damage    Failure   Level
 Ozocubu's Armour         Ice            37%        N/A       1%          3
 Animate Skeleton         Necr           8%         N/A       11%         1
 Apportation              Tloc           8%         N/A       11%         1
 Call Canine Familiar     Summ           15%        N/A       12%         3
 Summon Guardian Golem    Hex/Summ       10%        N/A       21%         3


Dungeon Overview and Level Annotations

Branches:
Dungeon (5/15)             Temple (0/1) D:4

Altars:
Sif Muna

Shops:
D:4 (

Annotations:
D:4 2 transporters


Message History

You now have 250 gold pieces (gained 14).
You now have 260 gold pieces (gained 10).
B - 2 sedimented emerald potions An iguana comes into view.
An iguana is nearby!
An iguana is nearby!
Found a pair of embroidered boots.
Casting: Summon Small Mammal (safe; 4% risk of failure)
Confirm with . or Enter, or press ? or * to list all spells.
Casting: Summon Small Mammal (safe; 4% risk of failure)
Confirm with . or Enter, or press ? or * to list all spells.
Casting: Summon Small Mammal (safe; 4% risk of failure)
Confirm with . or Enter, or press ? or * to list all spells.
Your bat disappears in a puff of smoke!
An ogre comes into view. It is wielding a +0 giant club.
Casting: Summon Small Mammal (safe; 4% risk of failure)
Confirm with . or Enter, or press ? or * to list all spells.
Your quokka disappears in a puff of smoke!
Casting: Summon Small Mammal (safe; 4% risk of failure)
Confirm with . or Enter, or press ? or * to list all spells.
Casting: Frozen Ramparts (safe; 1% risk of failure)
Press: ? - help, Dir - look around, f - activate The walls around you are covered in ice.
The wall freezes the ogre.
The ogre hits you with a +0 giant club!!
Ouch! That really hurt!
* * * LOW HITPOINT WARNING * * *
Your rat bites the ogre. x2
The iguana hisses angrily.
Your frozen ramparts will break if you move.
Continue?
The frozen ramparts melt away as you move.
Your rat bites the ogre.
Your rat barely misses the ogre.
Casting: Frozen Ramparts (safe; 1% risk of failure)
Confirm with . or Enter, or press ? or * to list all spells.
Your rat disappears in a puff of smoke!
Your rat bites the ogre.
A scorpion comes into view.
Your bat barely misses the ogre.
Your rat bites the ogre.
The ogre hits you with a +0 giant club!
You die...

...##>##.........<#
##.##.#####......## ##.##.#
##...### ## ......# #...#
.. . ##.##.# #...# .# ..
##.##.# #...# .# ..
##.##.######...#####.# .#
##.##.#...........r..#..#[.
#.##...........@Ob.l.s....
......#.............##..
......######...######
##<##.# #...# #.. #.# #...#
#. #.# #...# . #.# #...# .
.[# ####.### #......#


You could see an ogre (ally target), a scorpion, an iguana, a friendly bat
(summoned) and a friendly rat (summoned).

Vanquished Creatures
  An ice beast (D:5)
  A bullfrog zombie (D:5)
  An orc wizard (D:5)
  A hound skeleton (D:3)
  A howler monkey zombie (D:5)
  3 adders
  A shadow imp (D:4)
  An ufetubus (D:3)
  2 worms (D:4)
  4 orcs (D:5)
  4 ball pythons
  5 endoplasms
  4 giant cockroaches
  12 goblins
  12 hobgoblins
  2 jackals (D:4)
  A quokka (D:5)
  3 bats
  3 frilled lizards
  A jackal skeleton (D:4)
  4 kobolds
  9 rats
76 creatures vanquished.

Vanquished Creatures (collateral kills)
  An ogre (D:4)
  2 water moccasin skeletons
  An iguana (D:4)
4 creatures vanquished.

Grand Total: 80 creatures vanquished

Notes
Turn   | Place    | Note
-------+----------+-------------------------------------------
     0 | D:1      | bearlyready the Deep Elf Ice Elementalist began the quest
                  | for the Orb.
     0 | D:1      | Reached XP level 1. HP: 10/10 MP: 6/6
   365 | D:1      | Reached XP level 2. HP: 15/15 MP: 8/8
   410 | D:1      | Reached skill level 5 in Ice Magic
  1294 | D:2      | Reached XP level 3. HP: 19/19 MP: 10/10
  1487 | D:1      | Learned a level 3 spell: Frozen Ramparts
  1637 | D:2      | Found a shimmering blue altar of Sif Muna.
  1711 | D:2      | Became a worshipper of Sif Muna the Loreminder
  2062 | D:3      | Found a faded altar of an unknown god.
  2305 | D:3      | Reached XP level 4. HP: 17/24 MP: 12/12
  2966 | D:3      | Reached skill level 1 in Short Blades
  3115 | D:4      | Found a transporter.
  3122 | D:4      | Found a transporter.
  3375 | D:4      | Learned a level 1 spell: Summon Small Mammal
  3397 | D:4      | Found a staircase to the Ecumenical Temple.
  3441 | D:4      | Learned a level 4 spell: Hailstorm
  3535 | D:4      | Reached skill level 1 in Summonings
  3535 | D:4      | Reached XP level 5. HP: 23/28 MP: 13/13
  3611 | D:4      | Found Xynla's Firing Range.
  3711 | D:4      | Noticed an ogre
  3721 | D:4      | Killed an ogre
  3722 | D:4      | Reached skill level 6 in Ice Magic
  3873 | D:4      | Reached XP level 6. HP: 25/32 MP: 14/14
  4018 | D:5      | Entered Level 5 of the Dungeon
  4150 | D:5      | Noticed an ice beast
  4154 | D:5      | Killed an ice beast
  4155 | D:5      | Reached skill level 7 in Ice Magic
  4242 | D:5      | Reached skill level 1 in Conjurations
  4242 | D:5      | Reached skill level 1 in Evocations
  4498 | D:5      | Slain by an ogre

Illustrated notes

Levels and vault maps discovered:
D:1:      dpeg_arrival_rhombus, layout_loops_corners, corexii_corridor_pit
D:2:      cheibrodos_greedy_goblins, layout_loops_ring, serial_glass,
          glass_columns_a, glass_columns_b, minmay_strange_pillars,
          due_unseen_surprise, feat_on_display, basic_altar
D:3:      layout_basic, chequers_ecumenical_altar_grove
D:4:      gammafunk_steamed_eel, layout_cave_pools,
          minmay_temple_entry_offerings, minmay_misc_feat_secret_circle,
          nicolae_shop_firing_range
D:5:      layout_loops_cross, minmay_between

Skill      XL: |  1  2  3  4  5  6 |
---------------+-------------------+-----
Ice Magic      | 5 6 7 |  7.4
Spellcasting   | 4 |  4.3
Short Blades   | 1 2 |  2.3
Summonings     | 1 2 |  2.4
Conjurations   | 1 |  1.1
Evocations     | 1 |  1.1
Dodging        | |  2.4
Stealth        | |  2.4

Action                   |  1- 3 |  4- 6 || total
-------------------------+-------+-------++-------
Melee: Dagger            |    81 |   131 ||   212
 Cast: Freeze            |    13 |    13 ||    26
       Frozen Ramparts   |     5 |     8 ||    13
       Summon Small Mamm |       |    17 ||    17
Evoke: Wand              |       |     1 ||     1
  Use: Scroll            |       |     4 ||     4
 Stab: Sleeping          |     8 |     3 ||    11
       Distracted        |     1 |     1 ||     2
       Paralysed         |       |     2 ||     2
Armor: Robe              |    26 |    44 ||    70
Dodge: Dodged            |    49 |    81 ||   130

Table legend: (Time is in decaauts)
 A = Elapsed time spent in this place.
 B = Non-inter-level travel time spent in this place.
 C = Inter-level travel time spent in this place.
 D = Time resting spent in this place.
 E = Time spent auto-exploring this place.
 F = Levels seen in this place.
 G = Mean time per level.
                   A        B        C        D        E       F      G
               +--------+--------+--------+--------+--------+-----+--------+
         Total |   4486 |   4362 |    124 |    179 |   3422 |   5 |  897.2 |
       Dungeon |   4486 |   4362 |    124 |    179 |   3422 |   5 |  897.2 |
               +--------+--------+--------+--------+--------+-----+--------+

Top non-repeatable levels by time:
     D:3: 1129 daAuts
     D:1: 982 daAuts
     D:4: 973 daAuts
     D:2: 926 daAuts
     D:5: 475 daAuts
